 Dungeon Crawl Stone Soup version 0.30.0-18-gc0e69614cb (webtiles) character file.

Game seed: 4543131633343691653

140 booth the Chopper (level 5, -6/43 HPs)
             Began as a Gnoll Reaver on May 23, 2023.
             Mangled by Sigmund
             ... wielding a +0 scythe
              (9 damage)
             ... on level 3 of the Dungeon on May 24, 2023.
             The game lasted 00:18:40 (2357 turns).

booth the Chopper (Gnoll Reaver)                    Turns: 2357, Time: 00:18:40

Health: -6/43      AC:  4    Str: 13    XL:     5   Next: 22%
Magic:  0/21       EV: 13    Int: 12    God:
Gold:   142        SH:  0    Dex: 11    Spells: 11/14 levels left

rFire   + . .        e - +0 war axe
rCold   + . .        (no shield)
rNeg    + . .        b - +1 leather armour
rPois   .            (no helmet)
rElec   .            (no cloak)
rCorr   .            (no gloves)
SInv    .            (no boots)
Will    .....        n - amulet of guardian spirit
Stlth   +            c - ring of Otiutreu {rF+ rC+ rN+}
HPRegen 0.27/turn    m - ring of magical power
MPRegen 0.17/turn

%: guardian spirit
@: attractive, immotile, flying
A: fangs 1, strong nose, distributed training
a: no special abilities


You were on level 3 of the Dungeon.
You visited 1 branch of the dungeon, and saw 3 of its levels.

You collected 142 gold pieces.

Inventory:

Hand Weapons
 a - a +0 hand axe
 e - a +0 war axe (weapon)
 o - a +0 mace
Missiles
 q - 4 poisoned darts (quivered)
 s - 4 boomerangs
Armour
 b - a +1 leather armour (worn)
Jewellery
 c - the ring of Otiutreu (left hand) {rF+ rC+ rN+}
   (You acquired it on level 1 of the Dungeon)

   [ring of protection from fire]

   rF:        It protects you from fire.
   rC:        It protects you from cold.
   rN:        It protects you from negative energy.
 m - a ring of magical power (right hand)
 n - an amulet of guardian spirit (around neck)
Scrolls
 i - 2 scrolls of teleportation
 j - a scroll of immolation
 r - a scroll of identify {unknown}
Potions
 f - 3 potions of brilliance
 k - a potion of invisibility {unknown}
 l - a potion of curing {unknown}
 p - a potion of might {unknown}


   Skills:
 + Level 4.8 Fighting
 + Level 1.4 Short Blades
 + Level 1.4 Long Blades
 + Level 6.7 Axes
 + Level 1.4 Maces & Flails
 + Level 1.4 Polearms
 + Level 1.4 Staves
 + Level 1.4 Ranged Weapons
 + Level 1.4 Throwing
 + Level 1.4 Armour
 + Level 4.8 Dodging
 + Level 1.4 Stealth
 + Level 1.4 Shields
 + Level 1.4 Unarmed Combat
 + Level 5.2 Spellcasting
 + Level 5.5 Conjurations
 + Level 1.1 Hexes
 + Level 1.1 Summonings
 + Level 1.1 Necromancy
 + Level 1.1 Translocations
 + Level 1.1 Transmutations
 + Level 1.1 Fire Magic
 + Level 1.1 Ice Magic
 + Level 1.1 Air Magic
 + Level 1.1 Earth Magic
 + Level 1.1 Poison Magic
 + Level 1.6 Invocations
 + Level 1.4 Evocations


You had 11 spell levels left.
You knew the following spells:

 Your Spells              Type           Power      Damage    Failure   Level
a - Kiss of Death         Conj/Necr      44%        2d8       6%          1
b - Momentum Strike       Conj/Tloc      22%        3d8       10%         2

Your spell library contained the following spells:

 Spells                   Type           Power      Damage    Failure   Level
 Hailstorm                Conj/Ice       11%        3d5       19%         3
 Call Canine Familiar     Summ           5%         N/A       43%         3
 Portal Projectile        Hex/Tloc       10%        N/A       43%         3
 Leda's Liquefaction      Hex/Erth       2%         N/A       83%         4


Dungeon Overview and Level Annotations

Branches:
Dungeon (3/15)

Altars:

Shops:
D:1 (   D:3 *

Annotations:
D:3 Sigmund


Innate Abilities, Weirdness & Mutations

You have very sharp teeth.
Your uncanny sense of smell can sniff out nearby items.
Your experience applies equally to all skills.


Message History

The giant cockroach waves its antennae.
Something hits you!
Casting: Momentum Strike (safe; 10% risk of failure)
Confirm with . or Enter, or press ? or * to list all spells.
Aiming: Momentum Strike (safe; 10% risk of failure)
Press: ? - help, Dir - move target, f/p - Natasha
Aim: Natasha (60% to hit)
The concentrated momentum hits Natasha!!
You kill Natasha!
You hear a faint echoing roar filled with hate and sorrow!
The cerulean imp disappears in a puff of smoke! x2
You are unable to move.
Something hits you.
* * * LOW HITPOINT WARNING * * *
You have reached level 5!
You cannot move.
You cannot move.
You cannot move.
You cannot move.
You cannot move.
You miss something. Your bite misses something.
Unknown command.
You cannot move.
You are now empty-handed.
You barely miss something. Your punch misses something.
Your bite misses something. Something hits you!
* * * LOW HITPOINT WARNING * * *
e - a +0 war axe (weapon)
You cannot move.
You cannot move.
You cannot move.
You barely miss something. You bite something. Something hits you!
* * * LOW HITPOINT WARNING * * *
Okay, then.
It was a potion of flight.
You feel very buoyant.
You fly up into the air.
Something hits you but does no damage.
It was a potion of attraction.
You feel attractive to monsters. Something hits you!
You die...

#....######)###
##.##### #.# ∆
.......####..## ∆
..............# .
.......#....#...
..
########....###.
... #).[#.....
....
#>....#.####.....
#...###.#@{B.[.∩.
. #...#
#.).#####.. #
#...# #..## #
#...###..### #
#..........# #
#..........# #
#..........# #
#..........# #
#..........# #


You could see a giant cockroach.

Vanquished Creatures
  Natasha (D:3)
  4 adders (D:2)
  2 worms (D:2)
  2 dart slugs (D:2)
  3 orcs (D:3)
  4 endoplasms
  5 giant cockroaches
  10 goblins
  4 hobgoblins
  A quokka (D:3)
  9 ball pythons
  4 bats
  9 frilled lizards
  4 kobolds
  6 rats
68 creatures vanquished.

Notes
Turn   | Place    | Note
-------+----------+-------------------------------------------
     0 | D:1      | booth the Gnoll Reaver began the quest for the Orb.
     0 | D:1      | Reached XP level 1. HP: 20/20 MP: 6/6
   220 | D:1      | Found Wakotz's Weapon Boutique.
   288 | D:1      | Reached XP level 2. HP: 23/26 MP: 7/7
   306 | D:1      | Learned a level 2 spell: Momentum Strike
   661 | D:1      | Reached skill level 5 in Spellcasting
   661 | D:1      | Reached XP level 3. HP: 31/31 MP: 7/9
   784 | D:1      | Identified a scroll of acquirement
   784 | D:1      | Acquired the ring of Otiutreu {rF+ rC+ rN+}
   988 | D:2      | Found a faded altar of an unknown god.
  1186 | D:2      | Reached skill level 1 in Invocations
  1252 | D:2      | Reached skill level 1 in Short Blades
  1252 | D:2      | Reached skill level 1 in Long Blades
  1252 | D:2      | Reached skill level 1 in Maces & Flails
  1252 | D:2      | Reached skill level 1 in Polearms
  1252 | D:2      | Reached skill level 1 in Staves
  1252 | D:2      | Reached skill level 1 in Ranged Weapons
  1252 | D:2      | Reached skill level 1 in Throwing
  1252 | D:2      | Reached skill level 1 in Armour
  1252 | D:2      | Reached skill level 1 in Stealth
  1252 | D:2      | Reached skill level 1 in Shields
  1252 | D:2      | Reached skill level 1 in Unarmed Combat
  1252 | D:2      | Reached skill level 1 in Evocations
  1358 | D:2      | Reached XP level 4. HP: 36/38 MP: 11/11
  1440 | D:2      | Reached skill level 1 in Hexes
  1440 | D:2      | Reached skill level 1 in Summonings
  1440 | D:2      | Reached skill level 1 in Necromancy
  1440 | D:2      | Reached skill level 1 in Translocations
  1440 | D:2      | Reached skill level 1 in Transmutations
  1440 | D:2      | Reached skill level 1 in Fire Magic
  1440 | D:2      | Reached skill level 1 in Ice Magic
  1440 | D:2      | Reached skill level 1 in Air Magic
  1440 | D:2      | Reached skill level 1 in Earth Magic
  1440 | D:2      | Reached skill level 1 in Poison Magic
  2338 | D:3      | Noticed Sigmund
  2338 | D:3      | Noticed Natasha
  2340 | D:3      | Found Puelew's Assorted Antiques.
  2350 | D:3      | Killed Natasha
  2351 | D:3      | Reached XP level 5. HP: 12/43 MP: 5/12
  2357 | D:3      | Mangled by Sigmund

Illustrated notes

Levels and vault maps discovered:
D:1:      wander_arrival_desolate, layout_basic, serial_shops,
          nicolae_square_shop
D:2:      layout_loops_ring, dreamdust_ecumenical_altar_angels_and_demons,
          minmay_misc_feat_plants, minmay_liquid_box
D:3:      layout_rooms, serial_shops, shop, nicolae_shop_rolled_up,
          minmay_bisected, uniq_sigmund, uniq_ijyb, uniq_crazy_yiuf_cottage,
          uniq_natasha

Skill      XL: |  1  2  3  4 |
---------------+-------------+-----
Spellcasting   | 5 |  5.2
Invocations    | 1 |  1.6
Short Blades   | 1 |  1.4
Long Blades    | 1 |  1.4
Maces & Flails | 1 |  1.4
Polearms       | 1 |  1.4
Staves         | 1 |  1.4
Ranged Weapons | 1 |  1.4
Throwing       | 1 |  1.4
Armour         | 1 |  1.4
Stealth        | 1 |  1.4
Shields        | 1 |  1.4
Unarmed Combat | 1 |  1.4
Evocations     | 1 |  1.4
Hexes          | 1 |  1.1
Summonings     | 1 |  1.1
Necromancy     | 1 |  1.1
Translocations | 1 |  1.1
Transmutations | 1 |  1.1
Fire Magic     | 1 |  1.1
Ice Magic      | 1 |  1.1
Air Magic      | 1 |  1.1
Earth Magic    | 1 |  1.1
Poison Magic   | 1 |  1.1
Fighting       | |  4.8
Axes           | |  6.7
Dodging        | |  4.8
Conjurations   | |  5.5

Action                     |  1- 3 |  4- 6 || total
---------------------------+-------+-------++-------
  Melee: Hand axe          |   113 |   107 ||   220
         Bite              |     9 |     9 ||    18
         Punch             |     1 |     4 ||     5
         War axe           |       |     1 ||     1
         Unarmed           |       |     1 ||     1
  Throw: Dart              |       |     2 ||     2
         Boomerang         |       |     1 ||     1
   Cast: Momentum Strike   |       |     1 ||     1
    Use: Scroll            |     4 |     3 ||     7
         Potion            |     1 |     5 ||     6
   Stab: Sleeping          |     1 |     1 ||     2
 Armour: Leather armour    |    23 |    31 ||    54
  Dodge: Dodged            |    65 |    56 ||   121
